 Dungeon Crawl Stone Soup version 0.26.0-16-gc1dbca0489 (webtiles) character file.

Game seed: 4573185969331991704

15834 Gauvater the Cleaver (level 12, -6/97 HPs)
             Began as a Formicid Fighter on Jan 19, 2021.
             Was a High Priest of Zin.
             Mangled by Frances
             ... wielding a +0 hand axe
              (8 damage)
             ... on level 12 of the Dungeon.
             The game lasted 01:22:30 (19190 turns).

Gauvater the Cleaver (Formicid Fighter)            Turns: 19190, Time: 01:22:30

Health: -6/97      AC: 15    Str: 28    XL:     12   Next: 62%
Magic:  0/18       EV: 10    Int: 12    God:    Zin [*****.]
Gold:   461        SH: 12    Dex: 13    Spells: 11/11 levels left

rFire    . . .     SeeInvis +   K - +4 battleaxe
rCold    . . .     Faith    .   c - +0 kite shield
rNeg     . . .     Spirit   +   y - +0 plate armour
rPois    ∞         Reflect  .   (helmet unavailable)
rElec    .         Harm     .   (no cloak)
rCorr    +         Rampage  .   C - +0 pair of gloves
Will     +....                  (no boots)
Stlth    ..........             k - amulet of guardian spirit
HPRegen  0.26/turn              o - ring of resist corrosion
MPRegen  0.16/turn              t - ring of poison resistance

@: mighty, vitalised
A: permanent stasis, dig shafts and tunnels, four strong arms, antennae 3
a: Dig, Shaft Self, Renounce Religion, Recite, Vitalisation, Imprison,
Sanctuary, Donate Gold


You were on level 12 of the Dungeon.
You worshipped Zin.
Zin was extremely pleased with you.
You visited 1 branch of the dungeon, and saw 12 of its levels.
You also visited: Ossuary.

You collected 774 gold pieces.
You spent 236 gold pieces at shops.
You donated 77 gold pieces to Zin.

Inventory:

Hand Weapons
 a - a +1 war axe
 m - a +1 battleaxe
 s - a +1 hand axe of freezing
 K - a +4 battleaxe (weapon)
Missiles
 g - 6 curare-tipped darts
 p - 150 stones
 r - 2 throwing nets
 x - 17 boomerangs (quivered)
 z - 35 poisoned darts
 D - 7 atropa-tipped darts
 F - 32 bolts
Armour
 c - a +0 kite shield (worn)
 y - a +0 plate armour (worn)
 C - a +0 pair of gloves (worn)
Jewellery
 i - an uncursed ring of flight
 k - an amulet of guardian spirit (around neck)
 o - a ring of resist corrosion (left hand)
 t - a ring of poison resistance (right hand)
 w - a +6 ring of dexterity
 H - an uncursed ring of ice
Wands
 q - a wand of flame (18)
 u - a wand of digging (12)
 A - a wand of disintegration (10)
Scrolls
 d - 3 scrolls of magic mapping
 e - 3 scrolls of immolation
 n - a scroll of remove curse
 v - 2 scrolls of amnesia
 B - a scroll of vulnerability {unknown}
 G - a scroll of acquirement {unknown}
 J - a scroll of fog {unknown}
Potions
 b - a potion of flight
 f - a potion of invisibility
 h - a potion of resistance
 j - 3 potions of lignification
 l - 2 potions of curing
 L - a potion of mutation {unknown}


   Skills:
 - Level 9.6 Fighting
 - Level 11.6 Axes
 - Level 1.8 Throwing
 - Level 8.3 Armour
 + Level 5.7 Dodging
 - Level 1.0 Stealth
 - Level 9.3 Shields
 - Level 8.0 Invocations
 - Level 0.2 Evocations


You had 11 spell levels left.
You didn't know any spells.
Your spell library contained the following spells:

 Spells                   Type           Power        Failure   Level
 Animate Skeleton         Necr           0%           96%         1
 Apportation              Tloc           0%           96%         1
 Corona                   Hex            0%           96%         1
 Summon Small Mammal      Summ           0%           96%         1
 Ensorcelled Hibernation  Hex/Ice        0%           99%         2
 Confusing Touch          Hex            0%           100%        3
 Dazzling Flash           Conj/Hex       0%           100%        3
 Tukima's Dance           Hex            0%           100%        3


Dungeon Overview and Level Annotations

Branches:
Dungeon (12/15)            Temple (0/1) D:7            Lair (0/6) D:10
    Orc (0/2) D:11        Ossuary (visited)

Altars:
Ashenzari
Gozag
Okawaru
Qazlal
Ru
Sif Muna
Trog
Xom
Zin

Shops:
D:4 =   D:5 *   D:6 (!*=

Annotations:
D:4 Edmund
D:6 3 runed translucent doors, UristMcRaven's ghost, novice DECj
D:12 Frances


Innate Abilities, Weirdness & Mutations

You cannot be hasted, slowed, berserked, paralysed or teleported.
You can dig through walls and to a lower floor.
Your four strong arms can wield two-handed weapons with a shield.
You have a pair of large antennae on your head. (SInv)


Message History

You block Frances's attack.
Okay, then.
Really quaff the potion of lignification?
This action would place you under penance!
Okay, then.
You closely miss Frances.
Frances is moderately wounded. "...protected from sacrilege in all its forms, and..."
Frances hits you but does no damage. Frances hits you with a +0 hand axe!
* * * LOW HITPOINT WARNING * * *
You slash Frances!
Frances is heavily wounded. "...preserved in their obedience for all the days to come."
You finish reciting Anathema 21:58.
You block Frances's attack.
You barely miss Frances.
Frances is heavily wounded.
Frances hits you with a +0 hand axe.
* * * LOW HITPOINT WARNING * * *
Frances hits you with a +0 hand axe!
You die...

#####.. ........
........ ........
#...##.. #..... ..
#.. ### #. #.. #@##
#. ### ##@# ###.
###### ##{## #..
##§3.{4
##{#####.#####..####
#.###.##.....3...!..
##.#.#....@Y........
##.####..4.........
### #.#####......
#.# #......


You could see Frances (fast).

Vanquished Creatures
  Fannar (D:10)
  Harold (D:7)
  A boulder beetle (D:11)
  3 two-headed ogres
  Pikel (D:6)
  An ugly thing (D:11)
  2 cyclopes (D:11)
  A deep elf mage (D:10)
  2 gargoyles (D:12)
  A troll (D:11)
  A merfolk (D:11)
  Prince Ribbit (D:5)
  A vampire (D:10)
  6 yaks
  A wraith (D:12)
  3 basilisks
  A wyvern (D:10)
  2 acid dragons
  2 water moccasins
  5 sky beasts
  6 orc warriors
  6 ice beasts
  2 black bears
  5 ogres
  4 centaurs
  An elf zombie (Ossuary)
  11 bullfrogs
  3 big kobolds
  3 scorpions
  9 killer bees
  8 wights (D:11)
  An electric eel (D:7)
  3 howler monkeys
  3 centaur zombies
  2 human zombies (Ossuary)
  2 bullfrog zombies
  2 jellies
  6 orc priests
  6 hounds
  A bullfrog skeleton (D:7)
  A centaur skeleton (D:9)
  7 iguanas
  7 orc wizards
  Natasha (thrice) (D:3)
  8 worker ants
  A big kobold zombie (Ossuary)
  2 hound skeletons
  2 mummies (Ossuary)
  2 worker ant zombies
  15 adders
  6 shadow imps
  3 white imps
  4 ufetubi
  5 oozes (D:2)
  2 adder skeletons
  5 worms
  2 dart slugs (D:1)
  5 leopard geckos
  29 orcs
  A ball python (D:3)
  5 giant cockroaches
  12 goblins
  5 hobgoblins
  18 jackals
  22 kobolds
  4 quokkas
  3 bats
  6 frilled lizards
  A goblin zombie (Ossuary)
  11 hobgoblin zombies (Ossuary)
  2 jackal zombies
  7 kobold zombies (Ossuary)
  10 orc zombies (Ossuary)
  A quokka skeleton (D:6)
  6 rats
  2 rat zombies (Ossuary)
346 creatures vanquished.

Vanquished Creatures (others)
  A jackal (D:7)
  6 fungi (D:2)
  43 plants
  7 toadstools (D:2)
57 creatures vanquished.

Grand Total: 403 creatures vanquished

Notes
Turn   | Place    | Note
-------+----------+-------------------------------------------
     0 | D:1      | Gauvater the Formicid Fighter began the quest for the Orb.
     0 | D:1      | Reached XP level 1. HP: 18/18 MP: 1/1
   141 | D:1      | Reached XP level 2. HP: 24/24 MP: 2/2
   699 | D:1      | Reached XP level 3. HP: 29/29 MP: 3/3
  1834 | D:2      | HP: 1/29 [acid (6)]
  1943 | D:1      | Reached skill level 3 in Axes
  1943 | D:1      | Reached XP level 4. HP: 5/37 MP: 4/4
  2307 | D:2      | Reached XP level 5. HP: 37/42 MP: 5/5
  2862 | D:3      | Noticed a centaur
  2881 | D:3      | Killed a centaur
  2882 | D:3      | Reached skill level 4 in Axes
  2882 | D:3      | Reached XP level 6. HP: 10/48 MP: 2/6
  3093 | D:3      | Reached skill level 5 in Shields
  3393 | D:3      | Found a shimmering blue altar of Sif Muna.
  3393 | D:3      | Found a stormy altar of Qazlal.
  3393 | D:3      | Found a shimmering altar of Xom.
  3467 | D:3      | Noticed Natasha
  3481 | D:3      | Killed Natasha
  3482 | D:3      | Reached skill level 5 in Axes
  3482 | D:3      | Reached XP level 7. HP: 42/54 MP: 4/7
  3506 | D:3      | Noticed Natasha
  3512 | D:3      | Killed Natasha
  3647 | D:3      | Noticed Natasha
  3660 | D:3      | Killed Natasha
  4151 | D:4      | Reached skill level 1 in Dodging
  4286 | D:4      | Found Bufi's Jewellery Emporium.
  4353 | D:4      | Noticed Edmund
  4378 | D:5      | Entered Level 5 of the Dungeon
  4458 | D:5      | Found a sand-covered staircase.
  4468 | Ossuary  | Entered an ossuary
  4513 | Ossuary  | Reached skill level 6 in Axes
  4639 | Ossuary  | Reached XP level 8. HP: 51/61 MP: 6/8
  4938 | D:5      | Found Puczeodd's Assorted Antiques.
  4982 | D:5      | HP: 3/61 [ice beast (12)]
  4989 | D:5      | Reached skill level 5 in Fighting
  5309 | D:5      | Noticed Prince Ribbit
  5768 | D:5      | Killed Prince Ribbit
  5769 | D:5      | Reached skill level 7 in Axes
  6091 | D:5      | Found an iron altar of Okawaru.
  6162 | D:5      | Found a glowing silver altar of Zin.
  6162 | D:5      | Found an opulent altar of Gozag.
  6167 | D:5      | Became a worshipper of Zin the Law-Giver
  6167 | D:5      | Reached * piety under Zin
  6224 | D:5      | Reached skill level 5 in Armour
  6597 | D:4      | Reached skill level 1 in Invocations
  6792 | D:4      | Reached ** piety under Zin
  7086 | D:6      | Noticed Pikel
  7107 | D:6      | Found Dafakiqe's Distillery.
  7108 | D:6      | Found Peqaoraq's Assorted Antiques.
  7122 | D:6      | Found Cifouneterch's Jewellery Shoppe.
  7156 | D:6      | Reached XP level 9. HP: 59/69 MP: 8/10
  7170 | D:6      | Killed Pikel
  7171 | D:6      | Reached skill level 1 in Throwing
  7272 | D:6      | Bought a scroll of identify for 62 gold pieces
  7272 | D:6      | Bought a potion of might for 124 gold pieces
  7276 | D:6      | Bought a potion of heal wounds for 50 gold pieces
  7745 | D:6      | Noticed a moth of wrath
  7747 | D:6      | Found a bloodstained altar of Trog.
  7799 | D:6      | Found Wuribeng's Antique Weapon Emporium.
  7840 | D:6      | Found a runed translucent gate.
  7842 | D:6      | Found a runed translucent gate.
  7842 | D:6      | Found a runed translucent gate.
  7844 | D:6      | Noticed UristMcRaven's ghost (novice DECj)
  8028 | D:6      | Reached skill level 8 in Axes
  8754 | D:7      | Found a broken altar of Ashenzari.
  8792 | D:7      | Noticed Harold
  8846 | D:7      | HP: 3/71 [Harold/+0 battleaxe (17)]
  8855 | D:7      | Killed Harold
  8856 | D:7      | Reached XP level 10. HP: 40/79 MP: 1/13
  9103 | D:7      | Found a staircase to the Ecumenical Temple.
  9867 | D:8      | Reached skill level 9 in Axes
  9990 | D:8      | Noticed a two-headed ogre
 10000 | D:8      | Killed a two-headed ogre
 10001 | D:8      | Reached skill level 5 in Invocations
 10236 | D:8      | Reached *** piety under Zin
 11101 | D:9      | Reached skill level 10 in Axes
 11257 | D:9      | Reached **** piety under Zin
 11304 | D:9      | Reached XP level 11. HP: 85/86 MP: 15/15
 11484 | D:9      | Found a sacrificial altar of Ru.
 12296 | D:9      | Reached skill level 1 in Stealth
 12525 | D:10     | Entered Level 10 of the Dungeon
 13773 | D:10     | Found a staircase to the Lair.
 13811 | D:10     | Noticed Fannar
 13835 | D:10     | Killed Fannar
 14183 | D:10     | Noticed a deep elf mage
 14199 | D:10     | Killed a deep elf mage
 14801 | D:10     | Reached ***** piety under Zin
 14824 | D:11     | Noticed a brown ugly thing
 15310 | D:11     | Killed a brown ugly thing
 15321 | D:11     | Noticed a boulder beetle
 15349 | D:11     | Reached skill level 11 in Axes
 15884 | D:11     | Killed a boulder beetle
 16813 | D:11     | Noticed a cyclops
 16844 | D:11     | Killed a cyclops
 16903 | D:11     | Noticed a cyclops
 16923 | D:11     | Killed a cyclops
 16924 | D:11     | Reached XP level 12. HP: 90/95 MP: 17/17
 16999 | D:11     | Noticed a two-headed ogre
 17007 | D:11     | Killed a two-headed ogre
 18123 | D:11     | Found a staircase to the Orcish Mines.
 18747 | D:12     | Reached skill level 5 in Dodging
 18959 | D:12     | Noticed a two-headed ogre
 18976 | D:12     | Killed a two-headed ogre
 19111 | D:12     | Noticed Frances
 19188 | D:12     | HP: 2/97 [Frances/+0 hand axe (13)]
 19190 | D:12     | Mangled by Frances

Illustrated notes

Levels and vault maps discovered:
D:1:      psy_arrival_heroes, layout_basic, serial_glass, glass_columns_a,
          glass_columns_a, minmay_strange_pillars
D:2:      cheibrodos_fertilizer, layout_loops_corners, minmay_heptomino_d4
D:3:      layout_basic, gammafunk_temple_overflow_forgotten, minmay_mini_jars,
          uniq_natasha
D:4:      layout_basic, serial_shops, nicolae_shop_waterfront, uniq_edmund
D:5:      layout_cave_pods, grunt_temple_overflow_gold_and_silver,
          kennysheep_little_box, serial_shops, nicolae_shop_statue_plus,
          enter_ossuary_3, uniq_prince_ribbit1
D:6:      layout_rooms, biasface_ghost_orc_armoury, serial_bayou,
          serial_bayou_lagoon_b, serial_bayou_pond_d, serial_bayou_pond_c,
          serial_bayou_pond_a, serial_shops, shop, shop_statue, kennysheep_mini,
          shop, shop, tgw_trog, uniq_pikel
D:7:      wad_lake_hut, layout_cave_pools, ashenzari_conservatory_becter,
          minmay_temple_entry_gardened_gates, minmay_misc_feat_tower,
          uniq_harold
D:8:      layout_gridville, enter_bailey_3
D:9:      layout_basic, nicolae_ru_sacrificial_ziggurat
D:10:     layout_gridville, david_lair_generic, uniq_fannar
D:11:     layout_basic, orc_0_dummy, grunt_ministairs_3, hangedman_fish_farm
D:12:     layout_rooms, uniq_frances

Skill      XL: |  1  2  3  4  5  6  7  8  9 10 11 12 |
---------------+-------------------------------------+-----
Shields        | 4 5 6 7 8 9 |  9.3
Axes           | 3 4 5 6 7 8 10 11 | 11.6
Fighting       | 4 5 7 8 9 |  9.6
Armour         | 4 5 6 8 |  8.3
Dodging        | 1 5 |  5.7
Invocations    | 1 4 5 7 8 |  8.0
Throwing       | 1 |  1.8
Stealth        | 1 |  1.0
Evocations     | |  0.2

Action                   |  1- 3 |  4- 6 |  7- 9 | 10-12 || total
-------------------------+-------+-------+-------+-------++-------
Melee: War axe           |   127 |   132 |   499 |     4 ||   762
       Hand axe          |       |       |    15 |       ||    15
       Battleaxe         |       |       |       |   742 ||   742
Throw: Stone             |       |       |    26 |       ||    26
       Boomerang         |       |       |       |    17 ||    17
       Dart              |       |       |       |     4 ||     4
Invok: Recite            |       |       |       |    10 ||    10
       Vitalisation      |       |       |       |     3 ||     3
 Abil: Dig               |     9 |     5 |    28 |    38 ||    80
Evoke: Wand              |       |       |     2 |       ||     2
  Use: Scroll            |       |       |    22 |     6 ||    28
       Potion            |       |       |     9 |     4 ||    13
 Stab: Invisible         |       |       |       |     1 ||     1
Armor: Scale mail        |    64 |    66 |    48 |       ||   178
       Plate armour      |       |       |   164 |   318 ||   482
Dodge: Dodged            |    54 |    41 |   122 |   231 ||   448
Block: Kite shield       |    79 |    92 |   265 |   473 ||   909
